Map: [ESL] Alcyone

Players

ShoWTimE - Winner!

  • Race: Protoss Protoss
  • League: Master
  • Spawn Location: 7:00

ForJumyyyy (ForJumy)

  • Race: Protoss Protoss
  • League: Master
  • Spawn Location: 1:00

Event: HomeStory Cup XXV

VOD

Have the link to the VOD?

Description

Time

  • Played on: June 22, 2024, 7 a.m.
  • Length: 6:01

All games in this series

Show
View Real Time Build Order
Export as new Build Order

ShoWTimE Protoss - Winner!

Build Orders: Phoenix Opening 

Get SALT Encoding   

  12  0:00  Probe  
  13  0:12  Probe  
  14  0:16  Pylon  
  14  0:24  Probe (Chrono Boost)  
  16  0:36  Gateway, Probe (Chrono Boost)  
  16  0:43  Probe (Chrono Boost)  
  16  0:46  Assimilator  
  17  0:50  Probe  
  17  0:53  Assimilator  
  18  1:03  Probe (Chrono Boost)  
  19  1:07  Gateway  
  20  1:12  Probe (Chrono Boost)  
  20  1:17  Probe (Chrono Boost)  
  20  1:23  Cybernetics Core  
  21  1:29  Probe  
  22  1:33  Pylon  
  22  1:41  Probe  
  23  1:53  Probe  
  24  1:56  Warp Gate (Chrono Boost)  
  24  1:59  Stalker  
  24  2:00  Sentry  
  28  2:05  Probe  
  29  2:12  Pylon  
  29  2:24  Stalker  
  31  2:30  Stalker  
  33  2:43  Phoenix  
  33  2:46  Nexus  
  33  2:51  Probe  
  33  2:57  Shield Battery  
  34  2:59  Sentry  
  34  3:02  Sentry  
  38  3:14  Robotics Facility  
  38  3:19  Pylon  
  37  3:26  Probe  
  38  3:38  Stalker x2  
  42  3:57  Shield Battery  
  42  4:00  Phoenix, Immortal (Chrono Boost)  
  46  4:06  Stalker  
  48  4:10  Shield Battery  
  48  4:16  Stalker  
  50  4:23  Shield Battery  
  50  4:24  Probe x2  
  52  4:31  Observer  
  52  4:36  Probe x2  
  55  4:44  Pylon  
  55  4:48  Warp Prism (Chrono Boost)  
  59  4:58  Shield Battery  
  59  4:59  Shield Battery  
  57  5:03  Stalker  
  58  5:09  Sentry  
  58  5:12  Shield Battery  
  60  5:14  Shield Battery  
  58  5:35  Stalker  
  62  5:36  Stalker  
  62  5:38  Probe  
  62  5:40  Probe  
  66  5:48  Pylon  
Show
View Real Time Build Order
Export as new Build Order

ForJumyyyy Protoss 

Build Orders:  

Get SALT Encoding   

  12  0:00  Probe  
  13  0:12  Probe  
  14  0:17  Pylon  
  14  0:24  Probe  
  15  0:35  Gateway  
  15  0:36  Probe (Chrono Boost)  
  16  0:46  Assimilator, Probe (Chrono Boost)  
  17  0:51  Probe (Chrono Boost)  
  17  0:54  Assimilator  
  18  1:03  Probe (Chrono Boost)  
  19  1:08  Gateway  
  19  1:13  Probe (Chrono Boost)  
  19  1:18  Probe (Chrono Boost)  
  20  1:23  Cybernetics Core  
  21  1:30  Probe  
  22  1:40  Pylon  
  22  1:42  Probe  
  23  2:00  Adept  
  26  2:01  Adept  
  26  2:05  Stargate  
  27  2:16  Robotics Facility  
  27  2:23  Pylon  
  31  2:53  Shield Battery  
  31  2:55  Void Ray  
  31  3:06  Immortal (Chrono Boost)  
  35  3:13  Pylon  
  35  3:32  Probe  
  40  3:38  Void Ray  
  40  3:46  Immortal (Chrono Boost)  
  40  3:51  Pylon  
  48  4:19  Void Ray (Chrono Boost), Pylon  
  48  4:35  Immortal  
  52  4:38  Pylon  
  52  5:09  Void Ray  
  52  5:12  Probe  
  52  5:13  Pylon  
Tags
 
Add a new tag
Caveats
  • Supply blocks, unpowered buildings, or Contaminate may cause inaccurate times.
  • Supply counts are checked every 10 seconds.